 Dungeon Crawl Stone Soup version 0.29-a0-284-gf9362112df (webtiles) character file.

Game seed: 7307782708832475827

1585 gzilladon the Spear-Bearer (level 8, -8/58 (61) HPs)
             Began as a Merfolk Ice Elementalist on Mar 24, 2022.
             Was an Initiate of Vehumet.
             Mangled by Duvessa
             ... wielding a +2 rapier of draining
              (9 damage)
             ... on level 7 of the Dungeon.
             The game lasted 00:36:05 (7618 turns).

gzilladon the Spear-Bearer (MfIE)                   Turns: 7618, Time: 00:36:06

HP:   -8/58 (61)    AC:  8    Str:  8    XL:     8   Next: 92%
MP:   12/12         EV: 15    Int: 16    God:    Vehumet [......]
Gold: 206           SH:  0    Dex: 15    Spells: 5/13 levels left

rFire   . . .      SeeInvis .   d - +1 spear
rCold   . . .      Faith    .   k - orb {*Rage}
rNeg    . . .      Spirit   .   a - +0 robe
rPois   .          Reflect  .   (no helmet)
rElec   .          Harm     .   (no cloak)
rCorr   .          Rampage  .   (no gloves)
Will    .....      Rage     20% s - +1 pair of boots
Stlth   +++.......              (no amulet)
HPRegen 0.19/turn               h - ring of wizardry
MPRegen 0.13/turn               f - +4 ring of protection

@: on berserk cooldown, slowed, lightly drained, very slow
A: (nimble swimmer 2), mertail
a: Renounce Religion


You were on level 7 of the Dungeon.
You worshipped Vehumet.
Vehumet was noncommittal.
You visited 2 branches of the dungeon, and saw 8 of its levels.

You collected 356 gold pieces.
You spent 150 gold pieces at shops.

Inventory:

Hand Weapons
 c - a +0 club
 d - a +1 spear (weapon)
Missiles
 i - 102 stones
 q - 6 boomerangs
 u - 5 javelins
Armour
 a - a +0 robe (worn)
 k - an orb of wrath (worn)
 s - a +1 pair of boots (worn)
Jewellery
 f - a +4 ring of protection (right hand)
 h - a ring of wizardry (left hand)
Wands
 m - a wand of paralysis (7)
 o - a wand of iceblast (12)
Scrolls
 g - 2 scrolls of identify
 j - 3 scrolls of noise {unknown}
 l - 2 scrolls of enchant weapon
 n - a scroll of torment {unknown}
 r - a scroll of fog {unknown}
 v - a scroll of blinking {unknown}
 w - 2 scrolls of magic mapping {unknown}
 y - a scroll of amnesia {unknown}
 z - 2 scrolls of holy word {unknown}
Potions
 b - a potion of magic
 e - a potion of might
 p - a potion of haste
 x - a potion of cancellation
 A - a potion of flight
 B - a potion of degeneration


   Skills:
 + Level 4.5 Fighting
 + Level 2.4 Long Blades
 + Level 1.5(3.6) Axes
 + Level 8.2(8.7) Polearms
 + Level 1.5(3.6) Staves
 + Level 1.3 Armour
 + Level 6.7 Dodging
 + Level 4.1 Stealth
 + Level 0.2 Unarmed Combat
 + Level 3.2 Spellcasting
 + Level 1.6 Conjurations
 + Level 2.0 Hexes
 + Level 2.0 Summonings
 + Level 1.6 Translocations
 + Level 4.0 Transmutations
 + Level 6.1 Ice Magic
 + Level 2.1 Invocations
 + Level 2.0 Evocations


You had 5 spell levels left.
You knew the following spells:

 Your Spells              Type           Power      Damage    Failure   Level
a - Freeze                Ice            88%        1d10      1%          1
b - Summon Ice Beast      Ice/Summ       15%        N/A       14%         4
c - Ozocubu's Armour      Ice            22%        N/A       1%          3

Your spell library contained the following spells:

 Spells                   Type           Power      Damage    Failure   Level
 Frozen Ramparts          Ice            44%        1d6       1%          3
 Static Discharge         Conj/Air       5%         N/A       9%          2
 Ice Form                 Ice/Tmut       18%        N/A       9%          4
 Ignite Poison            Fire/Tmut/Pois 6%         N/A       12%         3
 Hailstorm                Conj/Ice       15%        3d5       16%         4
 Mephitic Cloud           Conj/Pois/Air  4%         N/A       17%         3
 Sticky Flame             Conj/Fire      5%         2d3       45%         4
 Freezing Cloud           Conj/Ice/Air   5%         6-21      54%         5
 Dispel Undead            Necr           2%         3d7       56%         4
 Lightning Bolt           Conj/Air       2%         1d14      78%         5
 Maxwell's Capacitive Co  Air            1%         ∞         100%        8


Dungeon Overview and Level Annotations

Branches:
Dungeon (7/15)             Temple (1/1) D:6

Altars:
Fedhas
Hepliaklqana
Okawaru
Qazlal
Sif Muna
Trog
Uskayaw
Vehumet
Xom
Yredelemnul
Zin
The Shining One
Lugonu

Shops:
D:5 !   D:6 (

Annotations:
D:7 Dowan, Duvessa


Innate Abilities, Weirdness & Mutations

((You are very nimble when in or above water. (Stealth+, EV+, Speed+++)))
Your lower body shifts to a powerful aquatic tail in water.


Message History

You are exhausted.
You feel yourself slow down. The hound bites you.
You barely miss the hound. The hound completely misses you.
You hit the hound but do no damage. The hound closely misses you.
The hound misses you.
You hit the hound.
The hound is lightly wounded.
Duvessa hits you with a +2 rapier of draining.
You feel drained. The hound barely misses you. Duvessa barely misses you.
The hound closely misses you.
You miss the hound.
The hound is lightly wounded.
The hound misses you.
You hit the hound.
The hound is moderately wounded.
Duvessa completely misses you. The hound bites you but does no damage.
Dowan gestures at you while chanting. The puff of flame hits you!
The iguana barely misses you. Duvessa misses you. The hound closely misses you.
The hound bites you. Duvessa misses you. The hound closely misses you.
The iguana misses you. Duvessa attacks as you move away!
Duvessa closely misses you.
Duvessa gestures with her weapon.
Duvessa closely misses you. Duvessa barely misses you.
The iguana hisses menacingly.
The iguana bites you!
* * * LOW HITPOINT WARNING * * *
Duvessa barely misses you.
Dowan points at you and mumbles some strange words.
The puff of frost hits you!
* * * LOW HITPOINT WARNING * * *
The iguana closely misses you.
Duvessa hits you with a +2 rapier of draining.
* * * LOW HITPOINT WARNING * * *
You feel drained.
* * * LOW HITPOINT WARNING * * *
Dowan drinks a potion.
Dowan seems to grow stronger.
Duvessa hits you with a +2 rapier of draining!
You die...

#..# .. #.## ...
#..# .... ##.#
....###.####
...........#
...........##
.........eh<#
.........e@.##.##
.........l........
........#......###
##......##.##..#
#......##..#..#
###........#....
#.#####... .### #.
#.... .. .....


You could see Duvessa (fast), Dowan (strong), an iguana and a hound.

Vanquished Creatures
  A sky beast (D:6)
  A centaur (D:5)
  2 phantoms (D:5)
  A kobold brigand (D:5)
  A bullfrog (D:5)
  3 necrophages
  A scorpion (D:5)
  A crimson imp (D:4)
  A gnoll shaman (D:5)
  3 hounds
  3 orc priests
  Terence (D:3)
  2 orc wizards
  4 gnolls (D:5)
  6 adders
  A shadow imp (D:4)
  A white imp (D:7)
  A worm (D:2)
  3 dart slugs
  16 orcs
  5 bats
  6 endoplasms
  A giant cockroach (D:2)
  7 goblins
  6 hobgoblins
  8 jackals
  3 quokkas
  2 ball pythons
  4 frilled lizards
  A goblin skeleton (D:4)
  2 goblin zombies (D:4)
  3 hobgoblin zombies (D:4)
  11 kobolds
  A kobold skeleton (D:4)
  A kobold zombie (D:4)
  An orc skeleton (D:4)
  2 orc zombies (D:4)
  7 rats
124 creatures vanquished.

Vanquished Creatures (collateral kills)
  An ogre (D:4)
  A centaur (D:5)
  2 necrophages
  An iguana (D:5)
  An orc (D:5)
6 creatures vanquished.

Grand Total: 130 creatures vanquished

Notes
Turn   | Place    | Note
-------+----------+-------------------------------------------
     0 | D:1      | gzilladon the Merfolk Ice Elementalist began the quest for
                  | the Orb.
     0 | D:1      | Reached XP level 1. HP: 13/13 MP: 3/3
   581 | D:1      | Reached XP level 2. HP: 19/19 MP: 5/5
  1005 | D:2      | Reached XP level 3. HP: 24/24 MP: 1/6
  1246 | D:2      | Reached skill level 1 in Axes
  1246 | D:2      | Reached skill level 4 in Polearms
  1246 | D:2      | Reached skill level 1 in Staves
  1246 | D:2      | Reached skill level 1 in Armour
  1246 | D:2      | Reached skill level 1 in Conjurations
  1246 | D:2      | Reached skill level 1 in Translocations
  1246 | D:2      | Reached XP level 4. HP: 31/33 MP: 6/8
  1332 | D:2      | Learned a level 4 spell: Summon Ice Beast
  1771 | D:2      | Found a faded altar of an unknown god.
  2024 | D:3      | Found a basalt altar of Yredelemnul.
  2789 | D:3      | Reached XP level 5. HP: 38/38 MP: 9/9
  2847 | D:3      | Noticed Terence
  2872 | D:3      | Killed Terence
  3069 | D:4      | Found a glowing golden altar of the Shining One.
  3281 | D:4      | Reached skill level 5 in Dodging
  3281 | D:4      | Reached XP level 6. HP: 34/46 MP: 10/10
  3354 | D:4      | Reached skill level 5 in Polearms
  3545 | D:4      | Identified a scroll of acquirement
  3545 | D:4      | Acquired a staff of cold
  4119 | D:5      | Entered Level 5 of the Dungeon
  4505 | D:5      | Found a blossoming altar of Fedhas.
  4548 | D:5      | Learned a level 3 spell: Ozocubu's Armour
  4596 | D:5      | Found Nos Hauv's Distillery.
  4615 | D:5      | Reached XP level 7. HP: 51/51 MP: 11/11
  4630 | D:5      | Bought a potion of heal wounds for 75 gold pieces
  4630 | D:5      | Bought a potion of heal wounds for 75 gold pieces
  4682 | D:5      | Reached skill level 6 in Polearms
  5287 | D:5      | Reached skill level 7 in Polearms
  5287 | D:5      | Reached XP level 8. HP: 37/58 MP: 12/12
  6790 | D:6      | Found Piteh's Weapon Boutique.
  6831 | D:6      | Found a staircase to the Ecumenical Temple.
  6849 | Temple   | Entered the Ecumenical Temple
  6888 | Temple   | Became a worshipper of Vehumet
  6935 | D:6      | Reached skill level 8 in Polearms
  7067 | D:6      | HP: 4/91 [poisoned by an adder]
  7070 | D:6      | HP: 1/61 [poisoned by an adder]
  7486 | D:6      | Found an iron altar of Okawaru.
  7563 | D:6      | Found a stormy altar of Qazlal.
  7596 | D:7      | Noticed Duvessa
  7596 | D:7      | Noticed Dowan
  7618 | D:7      | HP: 3/60 [Duvessa/+2 rapier of draining (5)]
  7618 | D:7      | HP: 1/58 [Duvessa/+2 rapier of draining (2)]
  7618 | D:7      | Mangled by Duvessa

Illustrated notes

Levels and vault maps discovered:
D:1:      dpeg_arrival_ratfight, layout_loops_ring, lemuel_old_faithful
D:2:      layout_loops_cross, ebering_ecumenical_altar_mist, minmay_heptomino_d4
D:3:      kennysheep_six_static_rooms, layout_loops_ring, lemuel_doored_altar,
          mainiacjoe_overflow_six_doors_small, slow_altar_2,
          minmay_close_crescents, uniq_terence
D:4:      layout_rooms, nicolae_tso_besieged_by_evil
D:5:      layout_cave_pods, fedhas_bush_and_centaur_altar,
          nicolae_wooded_promenade, uniq_crazy_yiuf_cottage
D:6:      layout_rooms, okawaru_metal_pillars_3, kennysheep_mini_moat,
          minmay_temple_entry_ruins, serial_shops, nicolae_shop_statue_plus,
          dk_noncrumbling_3, nicolae_lava_and_water, hangedman_decor_push,
          st_stairs_12
D:7:      layout_basic, elyvilon_altar_5, mainiacjoe_overflow_boulevard,
          ebering_ghost_disaster_area, uniq_duvessa
Temple:   corrupted_temple

Skill      XL: |  1  2  3  4  5  6  7  8 |
---------------+-------------------------+-----
Dodging        | 3 4 5 6 |  6.7
Fighting       | 2 3 4 |  4.5
Long Blades    | 2 |  2.4
Axes           | 1 |  1.5
Polearms       | 4 5 7 8 |  8.2
Staves         | 1 |  1.5
Armour         | 1 |  1.3
Stealth        | 3 4 |  4.1
Spellcasting   | 3 |  3.2
Conjurations   | 1 |  1.6
Hexes          | 2 |  2.0
Summonings     | 2 |  2.0
Translocations | 1 |  1.6
Transmutations | 4 |  4.0
Ice Magic      | 6 |  6.1
Invocations    | 2 |  2.1
Evocations     | 2 |  2.0
Unarmed Combat | |  0.2

Action                   |  1- 3 |  4- 6 |  7- 9 || total
-------------------------+-------+-------+-------++-------
Melee: Spear             |    66 |   361 |   297 ||   724
       Unarmed           |     7 |       |       ||     7
       Club              |     1 |       |       ||     1
 Cast: Freeze            |    10 |       |     1 ||    11
       Summon Ice Beast  |       |       |     3 ||     3
  Use: Potion            |     1 |     2 |     3 ||     6
       Scroll            |       |     7 |       ||     7
 Stab: Sleeping          |     5 |     1 |     2 ||     8
Armor: Robe              |    36 |   146 |   119 ||   301
Dodge: Dodged            |    85 |   250 |   320 ||   655

Table legend: (Time is in decaauts)
 A = Elapsed time spent in this place.
 B = Non-inter-level travel time spent in this place.
 C = Inter-level travel time spent in this place.
 D = Time resting spent in this place.
 E = Time spent auto-exploring this place.
 F = Levels seen in this place.
 G = Mean time per level.
                   A        B        C        D        E       F      G
               +--------+--------+--------+--------+--------+-----+--------+
         Total |   7811 |   7221 |    590 |   2708 |      0 |   8 |  976.4 |
       Dungeon |   7751 |   7161 |    590 |   2708 |      0 |   7 | 1107.3 |
        Temple |     60 |     60 |      0 |      0 |      0 |   1 |   60.0 |
               +--------+--------+--------+--------+--------+-----+--------+

Top non-repeatable levels by time:
     D:5: 2462 daAuts
     D:4: 1384 daAuts
     D:2: 1100 daAuts
     D:3: 1036 daAuts
     D:1: 922 daAuts
     D:6: 815 daAuts
  Temple: 60 daAuts
     D:7: 29 daAuts
